 Dungeon Crawl Stone Soup version 0.30.1-11-g7821555f0a (webtiles) character file.

Game seed: 14888219952586488232

13372 unlimited1921 the Thaumaturge (level 12, -14/74 HPs)
             Began as a Djinni Fire Elementalist on Nov 29, 2023.
             Was an Initiate of Ashenzari.
             Engulfed by a cloud of flame (22 damage)
             ... on level 1 of the Lair of Beasts.
             The game lasted 01:19:10 (15186 turns).

unlimited1921 the Thaumaturge (DjFE)               Turns: 15186, Time: 01:19:10

Health: -14/74     AC:  6    Str:  7    XL:     12   Next: 31%
Gold:   281        EV: 28    Int: 23    God:    Ashenzari [......] SH:  0 Dex: 18

rFire   . . .        a - melded +9 rapier "Kievoesk" {vamp, rPois MP+9 Dex-3 Stlth+}
rCold   . . .        R - melded +0 kite shield
rNeg    . . .        z - melded +0 troll leather armour
rPois   ∞            v - melded +0 helmet
rElec   .            D - melded +0 cloak of Ashenzari's Jealousy {Melee, Fort} (curse)
rCorr   .            q - melded +0 pair of gloves
SInv    .            (boots unavailable)
Will    +....        y - amulet of regeneration
Stlth   +++          g - +4 ring of protection
HPRegen 1.12/turn    Z - +5 ring of evasion
MPRegen 0.00/turn

%: infuse magic (-15 HP)
@: spider-form, flying
A: venomous fangs, flying, sickness immunity, tiny, (fire resistance 2), (cold
vulnerability 1), float, innate caster, HP casting, extra vitality 1
a: End Transformation, Renounce Religion, Curse Item, Shatter the Chains


You were on level 1 of the Lair of Beasts.
You worshipped Ashenzari.
Ashenzari was noncommittal.
You were a venomous arachnid creature.
You visited 4 branches of the dungeon, and saw 14 of its levels.
You also visited: Ossuary.

You collected 716 gold pieces.
You spent 435 gold pieces at shops.

Inventory:

Hand Weapons
 a - the +9 rapier "Kievoesk" (melded) {vamp, rPois MP+9 Dex-3 Stlth+}
   (You found it on level 10 of the Dungeon)

   Dex:       It affects your dexterity (-3).
   rPois:     It protects you from poison.
   MP:        It affects your magic capacity (+9).
   Stlth:     It makes you more stealthy.
 d - a +0 war axe of pain
 H - a +1 whip of electrocution
 O - a +4 flail
 U - a +4 spear
Missiles
 j - 21 poisoned darts
 r - 3 throwing nets
Armour
 q - a +0 pair of gloves (melded)
 v - a +0 helmet (melded)
 z - a +0 troll leather armour (melded)
 D - the cursed +0 cloak of Ashenzari's Jealousy (melded) {Melee, Fort}
   (You found it on level 5 of the Dungeon)

   It has a curse which improves the following skills: Melee Combat: Short
   Blades, Long Blades, Axes, Maces & Flails, Polearms, Staves and Unarmed
   Combat.
   Fortitude: Armour and Shields.
 F - +0 acid dragon scales
 R - a +0 kite shield (melded)
Jewellery
 g - a +4 ring of protection (left front pincers)
 y - an amulet of regeneration (around neck)
 Z - a +5 ring of evasion (right front pincers)
Wands
 s - a wand of quicksilver (11)
 u - a wand of mindburst (11)
 E - a wand of polymorph (2)
 I - a wand of flame (36)
 P - a wand of charming (13)
Scrolls
 b - 4 scrolls of blinking {unknown}
 e - a scroll of acquirement {unknown}
 f - a scroll of butterflies
 i - 2 scrolls of fog
 p - 4 scrolls of teleportation
 t - 2 scrolls of poison
 w - 2 scrolls of silence
 x - 2 scrolls of enchant weapon {unknown}
 A - a scroll of fear
 J - a scroll of enchant armour
 X - a scroll of brand weapon
Potions
 c - 9 potions of curing {unknown}
 h - 2 potions of heal wounds {unknown}
 k - 4 potions of magic {unknown}
 l - 4 potions of lignification {unknown}
 m - 4 potions of flight {unknown}
 n - 2 potions of might
 o - 4 potions of brilliance {unknown}
 B - a potion of degeneration {unknown}
 C - 2 potions of haste {unknown}
 M - a potion of attraction {unknown}
 V - a potion of mutation {unknown}


   Skills:
 + Level 1.6 Fighting
 + Level 0.3 Short Blades
 + Level 3.3 Axes
 + Level 2.4 Armour
 + Level 5.3 Dodging
 + Level 4.1 Stealth
 * Level 5.9 Shields
 + Level 12.6 Spellcasting


You knew the following spells:

 Your Spells              Type           Power      Damage    Failure   Level
a - Foxfire               Conj/Fire      100%       2x1d9     1%          1
b - Scorch                Fire           100%       2d9       1%          2
c - Volatile Blastmotes   Fire/Tloc      100%       2d18      1%          3
d - Inner Flame           Hex/Fire       64%        N/A       1%          3
e - Flame Wave            Conj/Fire      64%        2d15      2%          4
f - Kiss of Death         Conj/Necr      100%       2d13      1%          1
g - Ensorcelled Hibernat  Hex/Ice        100%       N/A       1%          2
h - Spider Form           Tmut/Pois      64%        N/A       1%          3
i - Ignite Poison         Fire/Tmut/Pois 64%        N/A       1%          3
j - Summon Lightning Spi  Summ/Air       64%        N/A       2%          4
Your spell library was empty.

Dungeon Overview and Level Annotations

Branches:
Dungeon (11/15)            Temple (1/1) D:6            Lair (1/5) D:11
    Orc (1/2) D:11        Ossuary (visited)

Altars:
Ashenzari
Cheibriados
Dithmenos
Elyvilon
Fedhas
Gozag
Hepliaklqana
Makhleb
Nemelex Xobeh
Okawaru
Qazlal
Ru
Trog
Uskayaw
Wu Jian
Xom
Yredelemnul
Zin
The Shining One

Shops:
D:2 ?   D:4 [   D:5 *

Annotations:
D:10 2 transporters
Lair:1 Harold


Innate Abilities, Weirdness & Mutations

You are a venomous arachnid creature.
You have venomous fangs.
You are tiny and dextrous.
You are flying.
Your spellcasting is less reliable in this form.
Your armour is entirely melded.
You are incapable of wielding weapons or throwing items.
You are immune to sickness and miasma.
You are immune to poison.
((Your flesh is very heat resistant. (rF++)))
((You are vulnerable to cold. (rC-)))
You float through the air rather than walking.
You learn spells naturally, not from books.
Your magical power is your life essence.
You have superior vitality. (+4 MHP)


Message History

The yak is filled with an inner flame.
The blink frog blinks! x2
The yak gores you!
Your lightning spire shoots out a bolt of lightning at the yak!
The bolt of electricity hits the yak!
Flame seeps out of the yak.
The bolt of electricity hits the yak!
Flame seeps out of the yak.
The yak is engulfed in blazing flames.
The yak explodes!
The fiery explosion engulfs the yak!!
The yak is severely wounded.
The fiery explosion engulfs the yak!!
Flame seeps out of the yak.
The yak is severely wounded.
Okay, then.
Unknown command.
Casting: Inner Flame (safe; 1% risk of failure)
Confirm with . or Enter, or press ? or * to list all spells.
Casting: Flame Wave (dangerous; 2% risk of failure)
Press: ? - help, Dir - look around, f - activate A wave of flame ripples out!
The flame wave engulfs the blink frog.
The blink frog is lightly wounded.
The flame wave engulfs the yak.
The yak is burned terribly!
Flame seeps out of the yak.
The yak is almost dead.
The flame wave engulfs the blink frog!
The blink frog is heavily wounded. (Press . to intensify the flame waves.)
The blink frog completely misses you. x2; The blink frog misses you.
The blink frog blinks!
The yak is engulfed in blazing flames.
Flame seeps out of the yak.
Your lightning spire shoots out a bolt of lightning at the yak!
The bolt of electricity hits the yak!
The yak explodes!
The fiery explosion engulfs the yak!!
You kill the yak!
The yak is engulfed in blazing flames.
The yak explodes!
The fiery explosion engulfs you!!!
Ouch! That really hurt!
* * * LOW HITPOINT WARNING * * *
You are engulfed in blazing flames.
You die...

.. .. .. # #.
.# #. . #...
.... .. .#. .#.
.# .. .. ..
##†#>#.#.#.
.####.FF.......
.....§§s.§l....
..../§○§.8.....
...§§.§§.......
.P##°#.........
. FY§#.........
... ......##.#
... #...... .
... #....#..


You could see a yak, a cane toad, a basilisk, 2 blink frogs and a friendly
lightning spire (summoned).

Vanquished Creatures
  A boulder beetle (D:11)
  A two-headed ogre (D:11)
  A polar bear (D:10)
  3 trolls (D:11)
  A hornet (D:8)
  11 yaks
  A shadow (D:11)
  3 unseen horror simulacra (D:10)
  A wyvern (D:9)
  4 vampire mosquitoes
  Edmund (D:5)
  2 acid dragons
  A water moccasin (D:5)
  A meliai simulacrum (D:10)
  2 sky beasts
  5 ice beasts
  2 orc warriors
  4 black bears
  An ogre (Orc:1)
  A centaur (D:6)
  3 wolves
  Blork the orc (D:5)
  4 kobold brigands
  4 phantoms
  An elf skeleton (D:6)
  A bullfrog (D:8)
  2 gnoll sergeants
  8 scorpions
  5 wights (D:8)
  2 troll zombies (D:11)
  4 killer bees (D:8)
  2 howler monkeys
  6 electric eels
  2 centaur zombies (Ossuary)
  3 human zombies
  5 jellies
  3 gnoll boudas
  2 human skeletons (D:6)
  2 orc priests
  6 hounds
  A sleepcap (D:4)
  Crazy Yiuf (D:3)
  Ijyb (D:5)
  4 scorpion zombies (Ossuary)
  7 orc wizards
  3 ogre zombies (D:11)
  3 mummies (Ossuary)
  Robin (D:3)
  31 gnolls
  4 adders
  4 white imps
  7 ufetubi
  2 worms (D:2)
  4 dart slugs
  31 orcs
  8 bats
  9 endoplasms
  3 giant cockroaches
  12 goblins
  10 hobgoblins
  2 quokkas
  4 ball pythons
  6 frilled lizards
  A gnoll zombie (Ossuary)
  2 goblin skeletons (D:11)
  A goblin zombie (D:11)
  A hobgoblin skeleton (D:11)
  6 hobgoblin zombies
  19 kobolds
  3 kobold zombies (Ossuary)
  4 orc skeletons
  11 orc zombies
  4 rats
323 creatures vanquished.

Vanquished Creatures (collateral kills)
  The ghost of lonewolfV2 the Trooper, a novice FoFi (D:4)
  A troll (D:10)
  A hornet (D:11)
  2 blink frogs (Lair:1)
  A vampire (D:11)
  2 yaks
  2 vampire mosquitoes
  An acid dragon (D:11)
  2 wolves (D:11)
  A phantom (D:11)
  2 hounds (D:11)
  An ogre zombie (D:11)
  3 gnolls (D:10)
  A goblin (D:4)
21 creatures vanquished.

Vanquished Creatures (others)
  1628 foxfires
1628 creatures vanquished.

Grand Total: 1972 creatures vanquished

Notes
Turn   | Place    | Note
-------+----------+-------------------------------------------
     0 | D:1      | unlimited1921 the Djinni Fire Elementalist began the quest
                  | for the Orb.
     0 | D:1      | unlimited1921 set off with the following spells memorised:
                  | Foxfire, Scorch, Volatile Blastmotes, Inner Flame, Flame
                  | Wave.
     0 | D:1      | Reached XP level 1. HP: 15/15 MP: 0/0
   435 | D:1      | Reached XP level 2. HP: 17/21 MP: 0/0
  2363 | D:2      | Reached skill level 3 in Spellcasting
  2363 | D:2      | Reached XP level 3. HP: 23/25 MP: 0/0
  2363 | D:2      | Learned a level 1 spell: Kiss of Death
  2880 | D:2      | Reached XP level 4. HP: 9/31 MP: 0/0
  3108 | D:2      | Reached skill level 1 in Axes
  3310 | D:2      | Found Jiutoogu's Magic Scroll Shoppe.
  3337 | D:2      | Bought a scroll of teleportation for 39 gold pieces
  3337 | D:2      | Bought a scroll of identify for 26 gold pieces
  3838 | D:3      | Found a runed translucent door.
  3839 | D:3      | Noticed Crazy Yiuf
  3971 | D:3      | Found a snail-covered altar of Cheibriados.
  4137 | D:3      | Reached XP level 5. HP: 22/36 MP: 0/0
  4137 | D:3      | Learned a level 2 spell: Ensorcelled Hibernation
  4537 | D:3      | Noticed Robin
  4548 | D:3      | Killed Robin
  4747 | D:3      | Found a faded altar of an unknown god.
  4927 | D:4      | Noticed a phantom
  4937 | D:4      | Killed a phantom
  4938 | D:4      | Reached XP level 6. HP: 25/41 MP: 0/0
  5014 | D:4      | Found Viejiloivu's Antique Armour Emporium.
  5351 | D:4      | Reached skill level 4 in Spellcasting
  5568 | D:4      | Found a broken altar of Ashenzari.
  5573 | D:4      | Saw a vision of the Shoals and the Snake Pit.
  5573 | D:4      | Noticed a merfolk impaler
  5573 | D:4      | Noticed a naga
  5573 | D:4      | Noticed a snapping turtle
  5573 | D:4      | Noticed a black mamba
  5573 | D:4      | Noticed a black mamba
  5573 | D:4      | Noticed a sea snake
  5573 | D:4      | Noticed an anaconda
  5573 | D:4      | Noticed a naga sharpshooter
  5573 | D:4      | Noticed a black mamba
  5573 | D:4      | Noticed a snapping turtle
  5573 | D:4      | Noticed a water nymph
  5573 | D:4      | Noticed a naga mage
  5573 | D:4      | Noticed a black mamba
  5577 | D:4      | Became a worshipper of Ashenzari the Shackled
  5849 | D:4      | Reached XP level 7. HP: 28/46 MP: 0/0
  5849 | D:4      | Learned a level 3 spell: Spider Form
  5968 | D:4      | Reached skill level 1 in Fighting
  6080 | D:4      | Found a runed translucent gate.
  6081 | D:4      | Found a runed translucent gate.
  6083 | D:4      | Found a runed translucent gate.
  6083 | D:4      | Noticed lonewolfV2's ghost (novice FoFi)
  6754 | D:5      | Entered Level 5 of the Dungeon
  6754 | D:5      | Noticed a water moccasin
  6760 | D:5      | Killed a water moccasin
  6761 | D:5      | Reached skill level 5 in Spellcasting
  6967 | D:5      | Noticed Ijyb
  6972 | D:5      | Killed Ijyb
  6973 | D:5      | Reached XP level 8. HP: 48/52 MP: 0/0
  7022 | D:5      | Found a sparkling altar of Nemelex Xobeh.
  7206 | D:5      | Noticed Blork the orc
  7219 | D:5      | Killed Blork the orc
  7266 | D:5      | Reached skill level 6 in Spellcasting
  7296 | D:5      | Noticed Edmund
  7315 | D:5      | Killed Edmund
  7373 | D:5      | Found Acaczi's Assorted Antiques.
  7690 | D:6      | Reached XP level 9. HP: 52/57 MP: 0/0
  7690 | D:6      | Learned a level 3 spell: Ignite Poison
  7694 | D:6      | Reached skill level 7 in Spellcasting
  7726 | D:6      | Reached skill level 8 in Spellcasting
  7989 | D:6      | Found a sand-covered staircase.
  8001 | Ossuary  | Entered an ossuary
  8061 | Ossuary  | Reached skill level 9 in Spellcasting
  8130 | Ossuary  | Reached XP level 10. HP: 56/62 MP: 0/0
  8601 | D:6      | Found a staircase to the Ecumenical Temple.
  9030 | Temple   | Entered the Ecumenical Temple
  9680 | D:7      | Found a basalt altar of Yredelemnul.
  9926 | D:7      | Reached skill level 10 in Spellcasting
 10553 | D:7      | Found an iron altar of Okawaru.
 10633 | D:8      | Reached skill level 1 in Shields
 10688 | D:8      | Identified the cursed +0 cloak of Ashenzari's Jealousy
                  | {Melee, Fort} (You found it on level 5 of the Dungeon)
 11430 | D:8      | Reached XP level 11. HP: 67/67 MP: 0/0
 11430 | D:8      | Learned a level 4 spell: Summon Lightning Spire
 11628 | D:4      | Killed lonewolfV2's ghost
 11748 | D:3      | Killed Crazy Yiuf
 11920 | D:2      | Bought a scroll of brand weapon for 123 gold pieces
 11945 | D:2      | Bought a scroll of magic mapping for 97 gold pieces
 12147 | D:5      | Bought a runed opal ring for 150 gold pieces
 12468 | D:9      | Reached skill level 11 in Spellcasting
 12677 | D:10     | Entered Level 10 of the Dungeon
 12755 | D:10     | Found a transporter.
 12932 | D:10     | Found a transporter.
 13281 | D:10     | Identified the +9 rapier "Kievoesk" {vamp, rPois MP+9 Dex-3
                  | Stlth+}
 13468 | D:10     | Found a white marble altar of Elyvilon.
 13513 | D:10     | Reached skill level 1 in Armour
 13795 | D:11     | Noticed a two-headed ogre
 13799 | D:11     | Killed a two-headed ogre
 13800 | D:11     | Reached skill level 5 in Shields
 13906 | D:11     | Reached skill level 5 in Dodging
 13954 | D:11     | Noticed a boulder beetle
 14053 | D:11     | Killed a boulder beetle
 14101 | D:11     | Found a staircase to the Lair.
 14161 | D:11     | Reached skill level 12 in Spellcasting
 14169 | D:11     | Reached XP level 12. HP: 70/74 MP: 0/0
 14637 | D:11     | Found a staircase to the Orcish Mines.
 15104 | Orc:1    | Entered Level 1 of the Orcish Mines
 15104 | Orc:1    | Noticed an orc high priest
 15108 | Orc:1    | Noticed a sixfirhy
 15177 | Lair:1   | Entered Level 1 of the Lair of Beasts
 15183 | Lair:1   | Noticed Harold
 15186 | Lair:1   | Engulfed by a cloud of flame

Illustrated notes

Levels and vault maps discovered:
D:1:      dpeg_arrival_simpleton_b, layout_basic, minmay_misc_feat_nine_boxes,
          st_stairs_6
D:2:      layout_loops_ring, serial_shops, nicolae_lakefront_shop
D:3:      layout_loops_ring, mainiacjoe_overflow_24_doors,
          shapermc_ecumenical_altar_ellora, uniq_robin, uniq_crazy_yiuf_cottage
D:4:      layout_basic, grunt_ashenzari_visionary
          [grunt_ashenzari_visionary_shoals, grunt_ashenzari_visionary_snake],
          serial_shops, nicolae_shop_stone, gammafunk_ghost_split
D:5:      layout_cave_pools, mainiacjoe_overflow_chevrons, serial_shops, shop,
          uniq_edmund, uniq_blork_the_orc, uniq_ijyb
D:6:      layout_loops_ring, minmay_temple_entry_glassed_door,
          nicolae_ossuary_entry_catacombs, st_stairs_1, water_maze_lemuel
D:7:      layout_basic, old_standard_altar, okawaru_altar_gauntlet_db,
          kennysheep_small_spiral, corexii_hall_statues_x
D:8:      layout_loops_ring
D:9:      layout_rooms, enter_bailey_8
D:10:     layout_stronghold, mainiacjoe_overflow_small_starburst,
          gammafunk_ghost_stat_death, serial_ice, serial_ice_h, serial_ice_n,
          serial_ice_m, serial_ice_k, serial_ice_b, serial_ice_c, serial_ice_e,
          serial_ice_o
D:11:     layout_small_grid, erik_lair_island, zombieorc1_lemuel,
          nzn_life_drinkers
Temple:   nicolae_temple_slightly_damp_pantheon
Lair:1:   layout_regular_city, st_stairs_12, minmay_lair_oklob_bushes,
          beast_lair_carwin_3, uniq_harold
Orc:1:    layout_caves

Skill      XL: |  1  2  3  4  5  6  7  8  9 10 11 |
---------------+----------------------------------+-----
Spellcasting   | 3 4 5 6 9 10 12 | 12.6
Stealth        | 2 3 4 |  4.1
Axes           | 1 2 3 |  3.3
Dodging        | 3 4 5 |  5.3
Fighting       | 1 |  1.6
Shields        | 2 5 |  5.9
Armour         | 2 |  2.4
Short Blades   | |  0.3

Action                     |  1- 3 |  4- 6 |  7- 9 | 10-12 || total
---------------------------+-------+-------+-------+-------++-------
  Melee: War axe           |    35 |    34 |     5 |    18 ||    92
         Rapier            |       |       |       |     1 ||     1
   Cast: Foxfire           |    41 |    71 |   170 |   726 ||  1008
         Scorch            |     4 |    13 |    41 |    87 ||   145
         Inner Flame       |       |     6 |    22 |    51 ||    79
         Kiss of Death     |       |     1 |       |       ||     1
         Volatile Blastmot |       |     3 |       |       ||     3
         Spider Form       |       |       |     5 |     6 ||    11
         Flame Wave        |       |       |       |     3 ||     3
         Summon Lightning  |       |       |       |    37 ||    37
 Invoke: Curse Item        |       |       |       |     1 ||     1
    Use: Scroll            |       |     3 |     1 |     9 ||    13
   Stab: Sleeping          |     6 |     1 |     1 |       ||     8
 Armour: Robe              |     8 |    19 |     9 |    10 ||    46
         Acid dragon scale |       |       |       |    11 ||    11
         Ring mail         |       |       |       |    31 ||    31
         Troll leather arm |       |       |       |     2 ||     2
  Dodge: Dodged            |    27 |    59 |    32 |   110 ||   228
  Block: Kite shield       |       |       |       |    46 ||    46
